 Dungeon Crawl Stone Soup version 0.27-a0-1105-g946c659c87 (webtiles) character file.

Game seed: 17118882717695727069

63 spiderkeys the Sneak (level 4, -1/28 HPs)
             Began as an Octopode Air Elementalist on May 1, 2021.
             Slain by Sigmund
             ... wielding a +3 scythe of protection
              (12 damage)
             ... on level 2 of the Dungeon.
             The game lasted 00:03:32 (2126 turns).

spiderkeys the Sneak (Octopode Air Elementalist)    Turns: 2126, Time: 00:03:33

Health: -1/28      AC:  1    Str:  7    XL:     4   Next: 9%
Magic:  0/7        EV: 13    Int: 18    God:
Gold:   52         SH:  0    Dex: 12    Spells: 6/7 levels left

rFire    . . .     SeeInvis .   (no weapon)
rCold    . . .     Faith    .   (no shield)
rNeg     . . .     Spirit   .   (helmet restricted)
rPois    .         Reflect  .   (no amulet)
rElec    .         Harm     .   (no ring)
rCorr    .         Rampage  .   (no ring)
Will     .....                  (no ring)
Stlth    +++.......             (no ring)
HPRegen  0.09/turn              (no ring)
MPRegen  0.10/turn              (no ring)
                                (no ring)
                                (no ring)

@: mighty
A: almost no armour, amphibious, 8 rings, camouflage 1, gelatinous body 1,
(nimble swimmer 1), tentacles
a: no special abilities


You were on level 2 of the Dungeon.
You visited 1 branch of the dungeon, and saw 2 of its levels.

You collected 52 gold pieces.


Innate Abilities, Weirdness & Mutations

You cannot wear most types of armour.
You are amphibious.
You can wear up to eight rings at the same time.
Your skin changes colour to match your surroundings (Stealth+).
Your rubbery body absorbs attacks. (AC +1, EV +1)
((You are camouflaged near water. (Stealth+)))
You have tentacles for arms and can constrict up to eight enemies at once.


   Skills:
 * Level 1.2 Fighting
 * Level 2.3 Dodging
 + Level 3.4 Stealth
 * Level 2.3 Spellcasting
 * Level 1.9 Conjurations
 * Level 3.3 Air Magic


You had 6 spell levels left.
You knew the following spells:

 Your Spells              Type           Power      Damage    Failure   Level
z - Shock                 Conj/Air       44%        1d5       6%          1

Your spell library contained the following spells:

 Spells                   Type           Power      Damage    Failure   Level
 Static Discharge         Conj/Air       11%        N/A       9%          2
 Swiftness                Air            14%        N/A       13%         3
 Airstrike                Air            7%         N/A       41%         4
 Lightning Bolt           Conj/Air       5%         1d17      85%         5

Inventory:

Missiles
 c - 18 sling bullets
 e - 72 stones
 g - 6 poisoned darts
 i - 11 bolts
Scrolls
 b - a scroll of blinking {unknown}
 f - 3 scrolls of noise {unknown}
Potions
 d - a potion of lignification {unknown}
 h - a potion of attraction {unknown}

Dungeon Overview and Level Annotations

Branches:
Dungeon (2/15)

Altars:

Annotations:
D:2 Sigmund

#########################.####
#
.............................#
#
#########################.##.##
# #.##..# # ##########.###.# #
..#........# #.###
####.#.######.# #..## ..#.#.#
### ##.## #@#@#.# #..# ###
#.#.##.#.#.############.# ...
.......@........รท........ ###
#.#.######.###...#######. ...
#.# ..#<..... #.# #.# ######.
#.# #.. #... #.# ### #.## #####
#.# #.##


You could see Sigmund (poisoned).


Message History

You lost 1 mp, and now have 3/6 mp.
You see here a hobgoblin corpse.
Key pressed, stopping explore.
An adder comes into view. ๐Ÿ˜Ž MP[+3]
Your mp is fully restored (6).
An adder is nearby!
The zap hits the adder.
The adder hisses angrily.
You hear a shout!
The adder closely misses you. ๐Ÿ˜Ž MP[-1]
You lost 1 mp, and now have 5/6 mp.
The zap hits the adder.
Sigmund the Dreaded comes into view.
He is wielding a +3 scythe of protection.
The adder barely misses you. ๐Ÿ˜Ž MP[-1]
You lost 1 mp, and now have 4/6 mp.
The zap hits the adder.
The adder closely misses you. ๐Ÿ˜Ž MP[-1]
You lost 1 mp, and now have 3/6 mp.
The zap hits the adder.
You kill the adder!
The zap hits Sigmund.
Sigmund closely misses you.
You have reached level 4! ๐Ÿ˜Ž HP[+5] MP[-1]
You now have 28 max hp (+5).
Your hp is fully restored (28).
The zap hits Sigmund.
Sigmund points at you and mumbles some strange words.
You resist with some effort. ๐Ÿ˜Ž MP[-1]
You lost 1 mp, and now have 1/7 mp.
The zap hits Sigmund.
Sigmund barely misses you. ๐Ÿ˜Ž MP[-1]
You lost 1 mp, and now have 0/7 mp.
You are too depleted to draw on your mana recklessly!
Throw: 13 darts (poison)
Press: ? - help, Shift-Dir - straight line, f/p - Sigmund
Aim: Sigmund, wielding a +3 scythe of protection and wearing a +0 robe (moderately wounded, 52% to hit)
You throw a poisoned dart.
The poisoned dart barely misses Sigmund.
Sigmund barely misses you.
Throw: 12 darts (poison)
Press: ? - help, Shift-Dir - straight line, f/p - Sigmund
Aim: Sigmund, wielding a +3 scythe of protection and wearing a +0 robe (moderately wounded, 52% to hit)
You throw a poisoned dart. The poisoned dart hits Sigmund.
Sigmund is poisoned.
Sigmund hits you from afar with a +3 scythe of protection. ๐Ÿ˜• HP[-5] MP[+1]
You take 5 damage, and now have 23/28 hp.
Throw: 11 darts (poison)
Press: ? - help, Shift-Dir - straight line, f/p - Sigmund
Aim: Sigmund, wielding a +3 scythe of protection and wearing a +0 robe (moderately wounded, poisoned, 52% to hit)
You throw a poisoned dart.
The poisoned dart closely misses Sigmund.
Sigmund barely misses you.
Throw: 10 darts (poison)
Press: ? - help, Shift-Dir - straight line, f/p - Sigmund
Aim: Sigmund, wielding a +3 scythe of protection and wearing a +0 robe (moderately wounded, poisoned, 52% to hit)
You throw a poisoned dart.
The poisoned dart barely misses Sigmund.
Sigmund barely misses you.
Throw: 9 darts (poison)
Press: ? - help, Shift-Dir - straight line, f/p - Sigmund
Aim: Sigmund, wielding a +3 scythe of protection and wearing a +0 robe (moderately wounded, poisoned, 52% to hit)
You throw a poisoned dart.
The poisoned dart barely misses Sigmund.
Sigmund completely misses you.
Throw: 8 darts (poison)
Press: ? - help, Shift-Dir - straight line, f/p - Sigmund
Aim: Sigmund, wielding a +3 scythe of protection and wearing a +0 robe (moderately wounded, poisoned, 52% to hit)
You throw a poisoned dart.
The poisoned dart barely misses Sigmund.
Sigmund misses you.
Casting: Shock (safe; 6% risk of failure)
Confirm with . or Enter, or press ? or * to list all spells.
Aiming: Shock (safe; 6% risk of failure)
Press: ? - help, Shift-Dir - straight line, f/p - Sigmund
Aim: Sigmund, wielding a +3 scythe of protection and wearing a +0 robe (moderately wounded, poisoned, 64% to hit)
The zap hits Sigmund. x2; Sigmund closely misses you. ๐Ÿ˜• HP[+1] MP[-1]
You lost 1 mp, and now have 0/7 mp.
Drop what? 9/52 slots (_ for help) (? for menu, Esc to quit)
Okay, then.
Unknown command.
You don't have enough magic to cast this spell.
You don't have enough magic to cast this spell.
Throw: 7 darts (poison)
Press: ? - help, Shift-Dir - straight line, f/p - Sigmund
Aim: Sigmund, wielding a +3 scythe of protection and wearing a +0 robe (heavily wounded, poisoned, 52% to hit)
You throw a poisoned dart.
The poisoned dart barely misses Sigmund.
Sigmund casts a spell at you. The puff of flame hits you!
* * * LOW HITPOINT WARNING * * *
๐Ÿ˜จ HP[-13]
You take 13 damage, and now have 11/28 hp.
MASSIVE DAMAGE!! (PAUSE) It was a potion of might.
You feel very mighty all of a sudden.
Sigmund hits you from afar with a +3 scythe of protection!
You die...

Skill      XL: |  1  2  3 |
---------------+----------+-----
Stealth        | 3 |  3.4
Fighting       | 1 |  1.2
Dodging        | |  2.3
Spellcasting   | |  2.3
Conjurations   | |  1.9
Air Magic      | |  3.3

Action                   |  1- 3 |  4- 6 || total
-------------------------+-------+-------++-------
Melee: Unarmed           |    26 |       ||    26
       Constrict         |     8 |       ||     8
       Tentacles         |     3 |       ||     3
Throw: Dart              |       |     7 ||     7
 Cast: Shock             |    73 |     3 ||    76
  Use: Potion            |       |     1 ||     1
Armor: Skin              |     3 |       ||     3
Dodge: Dodged            |    54 |     7 ||    61

Levels and vault maps discovered:
D:1:      doesnt_arrival_eight_statues, layout_basic
D:2:      layout_basic, uniq_sigmund

Notes
Turn   | Place    | Note
-------+----------+-------------------------------------------
     0 | D:1      | spiderkeys the Octopode Air Elementalist began the quest
                  | for the Orb.
     0 | D:1      | Reached XP level 1. HP: 11/11 MP: 3/3
     0 | D:1      | magus.rc [v1.9.10]
   228 | D:1      | Reached XP level 2. HP: 9/17 MP: 0/5
   478 | D:1      | Reached skill level 3 in Stealth
  1105 | D:1      | Reached XP level 3. HP: 20/22 MP: 0/6
  1449 | D:2      | Reached skill level 1 in Fighting
  2111 | D:2      | Noticed Sigmund
  2114 | D:2      | Reached XP level 4. HP: 28/28 MP: 2/7
  2126 | D:2      | Slain by Sigmund

Vanquished Creatures
  2 adders (D:2)
  A dart slug (D:2)
  2 ball pythons
  7 endoplasms
  A giant cockroach (D:1)
  4 goblins (D:1)
  3 hobgoblins
  7 jackals
  A kobold (D:1)
  4 bats
  A frilled lizard (D:2)
  5 rats
38 creatures vanquished.

Table legend:
 A = Non-vault XP
 B = Vault XP
 C = Vault XP percentage of total XP
 D = Non-vault monster count
 E = Vault monster count
 F = Vault count percentage of total count
                 A         B        C        D         E       F
            +---------+---------+-------+---------+---------+-------
      Total |      90 |       0 |   0.0 |      38 |       0 |   0.0
            +---------+---------+-------+---------+---------+-------
        D:1 |      41 |       0 |   0.0 |      24 |       0 |   0.0
        D:2 |      49 |       0 |   0.0 |      14 |       0 |   0.0
            +---------+---------+-------+---------+---------+-------

Illustrated notes

Table legend:
 A = Kills in this place as a percentage of kills in entire the game.
 B = Kills by you in this place as a percentage of kills by you in the entire game.
 C = Kills by friends in this place as a percentage of kills by friends in the entire game.
 D = Other kills in this place as a percentage of other kills in the entire game.
 E = Experience gained in this place as a percentage of experience gained in the entire game.
 F = Experience gained in this place divided by the number of levels of this place that you have seen.
                   A       B       C       D       E      F
               +-------+-------+-------+-------+-------+----------------------
         Total | 100.0 | 100.0 |   N/A |   N/A | 100.0 |  45.0
       Dungeon | 100.0 | 100.0 |   N/A |   N/A | 100.0 |  45.0
               +-------+-------+-------+-------+-------+----------------------

Table legend: (Time is in decaauts)
 A = Elapsed time spent in this place.
 B = Non-inter-level travel time spent in this place.
 C = Inter-level travel time spent in this place.
 D = Time resting spent in this place.
 E = Time spent auto-exploring this place.
 F = Levels seen in this place.
 G = Mean time per level.
                   A        B        C        D        E       F      G
               +--------+--------+--------+--------+--------+-----+--------+
         Total |   2126 |   2093 |     33 |      0 |   1894 |   2 | 1063.0 |
       Dungeon |   2126 |   2093 |     33 |      0 |   1894 |   2 | 1063.0 |
               +--------+--------+--------+--------+--------+-----+--------+

Top non-repeatable levels by time:
     D:1: 1437 daAuts
     D:2: 689 daAuts
